 Dungeon Crawl Stone Soup version 0.32-a0-699-g1ee5eff69a (webtiles) character file.

Game seed: 10402353003370316503

9 arcshroob the Ruffian (level 2, 0/21 HPs)
             Began as a Demonspawn Shapeshifter on Mar 13, 2024.
             Slain by a quokka (2 damage)
             ... on level 1 of the Dungeon.
             The game lasted 00:00:27 (90 turns).

arcshroob the Ruffian (Demonspawn Shapeshifter)       Turns: 90, Time: 00:00:27

Health: 0/21       AC:  2    Str: 14    XL:     2   Next: 3%
Magic:  2/2        EV: 11    Int: 10    God:
Gold:   48         SH:  0    Dex: 12    Spells: 1/1 levels left

rFire   . .          .
                       - Unarmed
rCold   . . .        (no shield)
rNeg    . . .        a - +0 animal skin
rPois   .            (helmet currently unavailable)
rElec   .            (cloak currently unavailable)
rCorr   .            (gloves currently unavailable)
SInv    .            (boots currently unavailable)
Will    .....        (no amulet)
Stlth   +            (no ring)
HPRegen 0.23/turn    (no ring)
MPRegen 0.08/turn

%: no passive effects
@: beast-form
A: beast (slay +1), sturdy frame 1
a: Begin Untransformation


You were on level 1 of the Dungeon.
You were a hulking beast.
You visited 1 branch of the dungeon, and saw 1 of its levels.

You collected 48 gold pieces.

Inventory:

Armour
 a - a +0 animal skin (worn)
Talismans
 c - a beast talisman (active)
 d - a flux talisman
Scrolls
 e - a scroll of immolation {unknown}
Potions
 b - a potion of lignification


   Skills:
 - Level 1.0 Fighting
 + Level 2.5 Dodging
 - Level 2.6 Unarmed Combat
 - Level 2.6 Shapeshifting


You had one spell level left.
You didn't know any spells.
Your spell library was empty.

Dungeon Overview and Level Annotations

Branches:
Dungeon (1/15)

Altars:


Innate Abilities, Weirdness & Mutations

You are a hulking beast.
Your limbs bulge with bestial killing power. (Slay +1)
Your movements are slightly less encumbered by armour. (ER -2)


Message History

You kill the ball python!
A kobold comes into view. It is wielding a +0 whip.
A hobgoblin comes into view.
The endoplasm hits you.
A hobgoblin comes into view.
The kobold moves out of view.
The hobgoblin shouts!
You hit the endoplasm.
You kill the endoplasm!
You hear a shout!
The goblin misses you.
A quokka comes into view.
The kobold shouts!
You hear an angry hiss.
The goblin closely misses you.
You hit the goblin.
You kill the goblin!
Things that are here:
a +0 dagger; a goblin corpse The hobgoblin hits you.
The hobgoblin barely misses you.
You hit the hobgoblin.
The hobgoblin is almost dead.
The hobgoblin hits you but does no damage.
The hobgoblin hits you.
You hit the hobgoblin.
You kill the hobgoblin!
The hobgoblin barely misses you. The kobold closely misses you.
The quokka bites you.
You hit the kobold.
You kill the kobold!
The hobgoblin hits you.
* * * LOW HITPOINT WARNING * * *
The quokka completely misses you.
You have reached level 2!
Your demonic ancestry asserts itself...
You feel less encumbered by your armour.
The hobgoblin hits you.
* * * LOW HITPOINT WARNING * * *
You see here a +0 whip.
You closely miss the quokka. The quokka bites you.
You die...

#.# #....##.........#
...#####.#..####.......#
.......#.....###........
..............#.........
........................
........$..............#
.........†..........#.##
........)...........#.##
.......hr.).............
.......g†........>....##
...........[...##.....#
.#......######...#..#.#
........# ###†#.##.#
......... #...# .#
......... ###...##
......... #...# ......


You could see a quokka and a hobgoblin.

Vanquished Creatures
  An endoplasm (D:1)
  2 goblins (D:1)
  2 hobgoblins (D:1)
  A kobold (D:1)
  A ball python (D:1)
7 creatures vanquished.

Notes
Turn   | Place    | Note
-------+----------+-------------------------------------------
     0 | D:1      | arcshroob the Demonspawn Shapeshifter began the quest for
                  | the Orb.
     0 | D:1      | Reached XP level 1. HP: 15/15 MP: 1/1
    89 | D:1      | Gained mutation: Your movements are slightly less
                  | encumbered by armour. (ER -2) [demonic ancestry]
    89 | D:1      | Reached XP level 2. HP: 3/21 MP: 2/2
    90 | D:1      | Slain by a quokka

Illustrated notes

Levels and vault maps discovered:
D:1:      dpeg_arrival_line_fractal, layout_rooms

Skill      XL: |  1 |
---------------+----+-----
Dodging        | 2 |  2.5
Fighting       | |  1.0
Unarmed Combat | |  2.6
Shapeshifting  | |  2.6

Action                     || total
---------------------------++-------
  Melee: Unarmed           ||    11
   Stab: Sleeping          ||     1
 Armour: Animal skin       ||    11
  Dodge: Dodged            ||     6

Table legend: (Time is in decaauts)
 A = Elapsed time spent in this place.
 B = Non-inter-level travel time spent in this place.
 C = Inter-level travel time spent in this place.
 D = Time resting spent in this place.
 E = Time spent auto-exploring this place.
 F = Levels seen in this place.
 G = Mean time per level.
                   A        B        C        D        E       F      G
               +--------+--------+--------+--------+--------+-----+--------+
         Total |     89 |     89 |      0 |      0 |     52 |   1 |   89.0 |
       Dungeon |     89 |     89 |      0 |      0 |     52 |   1 |   89.0 |
               +--------+--------+--------+--------+--------+-----+--------+

Top non-repeatable levels by time:
     D:1: 89 daAuts
